 Dungeon Crawl Stone Soup version 0.18-a0-1109-gfc003ac (webtiles) character file.

100 namelastname112 the Insei (level 4, -1/33 HPs)
             Began as a Draconian Wizard on Jan 16, 2016.
             Slain by a giant gecko (2 damage)
             ... on level 2 of the Dungeon.
             The game lasted 00:05:25 (2460 turns).

namelastname112 the Insei (Draconian Wizard)        Turns: 2460, Time: 00:05:25

Health: -1/33      AC:  5    Str:  9    XL:     4   Next: 46%
Magic:  8/8        EV: 12    Int: 18    God:
Gold:   61         SH:  0    Dex: 11    Spells: 1 memorised, 8 levels left

rFire  . . .     SeeInvis .       - Unarmed
rCold  . . .     Gourm    .     (armour unavailable)
rNeg   . . .     Faith    .     (no shield)
rPois  .         Spirit   .     a - +0 hat
rElec  .         Dismiss  .     (no cloak)
rCorr  .         Reflect  .     (no gloves)
SustAt .         Harm     .     (no boots)
MR     .....                    (no amulet)
Stlth  ++........               (no ring)
                                (no ring)

@: not resistant to hostile enchantments, unstealthy
A: unfitting armour, cold-blooded, AC +5
a: no special abilities


You were on level 2 of the Dungeon.
You were near starving.

You visited 1 branch of the dungeon, and saw 3 of its levels.

You collected 61 gold pieces.

Inventory:

Armour
 a - a +0 hat (worn)
Scrolls
 d - a scroll of enchant armour {unknown}
 e - a scroll of identify {unknown}
 j - 2 scrolls of amnesia {unknown}
 l - a scroll of recharging {unknown}
 n - a scroll of fear {unknown}
 o - a scroll of remove curse {unknown}
Potions
 h - a potion of agility {unknown}
 i - a potion of brilliance {unknown}
 k - a potion of heal wounds {unknown}
Books
 b - a book of Minor Magic

   Spells                             Type                      Level
   a - Magic Dart                     Conjuration                  1
   b - Blink                          Translocation                2
   c - Call Imp                       Summoning                    2
   d - Repel Missiles                 Charms/Air                   2
   e - Slow                           Hexes                        2
   f - Conjure Flame                  Conjuration/Fire             3
   g - Mephitic Cloud                 Conjuration/Poison/Air       3
 m - a book of Conjurations

   Spells                             Type                      Level
   a - Magic Dart                     Conjuration                  1
   b - Searing Ray                    Conjuration                  2
   c - Dazzling Spray                 Conjuration/Hexes            3
   d - Fulminant Prism                Conjuration/Hexes            4
   e - Iskenderun's Mystic Blast      Conjuration                  4
   f - Iskenderun's Battlesphere      Conjuration/Charms           5
Comestibles
 c - a bread ration
 f - 2 fruits
 g - a beef jerky


   Skills:
 - Level 1.7 Dodging
 - Level 1.7 Stealth
 + Level 4.2 Unarmed Combat
 - Level 3.0 Spellcasting
 - Level 1.0 Conjurations
   Level 1.0 Summonings
   Level 1.0 Translocations


You had 8 spell levels left.
You knew the following spells:

 Your Spells              Type           Power        Failure   Level  Hunger
z - Magic Dart            Conj           #...         12%         1    None


Dungeon Overview and Level Annotations

Branches:
Dungeon (3/15)

Altars:


Innate Abilities, Weirdness & Mutations

Your plain brown scales are hard (AC +5).
Your body does not fit into most forms of armour.
You are cold-blooded and may be slowed by cold attacks.


Message History

The gnoll shouts!
The hobgoblin shouts!
The hobgoblin shouts!
Found a stone staircase leading up.
You hit the giant gecko.
The giant gecko is severely wounded.
The giant gecko bites you. The kobold misses you. The hobgoblin misses you.
The hobgoblin closely misses you.
You barely miss the giant gecko.
The giant gecko is severely wounded.
The giant gecko bites you but does no damage.
The kobold closely misses you. The hobgoblin hits you with a club.
* * * LOW HITPOINT WARNING * * *
Found a black potion.
The giant gecko barely misses you. The hobgoblin closely misses you.
The gnoll closely misses you. The gnoll hits you!
* * * LOW HITPOINT WARNING * * *
The giant gecko bites you.
You die...

#.#... ............ #.......
......##. ..
#.##.#...#..#.##....##.
..........................
#.##.##................##.
#.##.##.#...#..#..........
#.##.##.#..<..............
#.##........#..# #.......
###!##.ggKl@.....#.##.#.....
#.........g.................
###.##.gg......###.#........
#........(..................
##....................#..##.
#.##..##................##.
#. #..##.#.................
#. #.....#..............##.
#. #..##.#.................


You could see 3 gnolls, a giant gecko, 2 hobgoblins and a kobold.

Vanquished Creatures
  3 adders
  A gnoll (D:2)
  4 worms (D:2)
  2 giant geckos
  5 bats
  4 giant cockroaches
  4 goblins (D:2)
  6 hobgoblins
  4 jackals (D:1)
  4 kobolds
  A quokka (D:2)
  5 giant newts
  5 rats
48 creatures vanquished.

Notes
Turn   | Place    | Note
--------------------------------------------------------------
     0 | D:1      | namelastname112 the Draconian Wizard began the quest for the Orb.
     0 | D:1      | Reached XP level 1. HP: 14/14 MP: 4/4
   112 | D:1      | Reached skill level 1 in Unarmed Combat
   535 | D:1      | Reached XP level 2. HP: 20/20 MP: 1/6
   740 | D:1      | Reached XP level 3. HP: 3/26 MP: 0/7
   751 | D:1      | HP: 1/26 [poisoned by an adder]
  1851 | D:2      | Reached XP level 4. HP: 33/33 MP: 3/8
  2029 | D:2      | Reached skill level 4 in Unarmed Combat
  2457 | D:2      | HP: 1/33 [gnoll (9)]
  2460 | D:2      | Slain by a giant gecko

Vault maps used:
D:1:      minmay_arrival_hallway, hex_tiny, interstate_on_off
D:2:      first_bread
D:3:      uniq_terence

Action                   |  1- 3 |  4- 6 || total
-------------------------+-------+-------++-------
Melee: Unarmed           |    75 |    18 ||    93
 Cast: Magic Dart        |    83 |    39 ||   122
  Eat: Chunk             |     3 |       ||     3
